Cogmind - Beta 16.1 @@@ ROGUE MODE // 2026.02.24 @ 15:08:13 // Winter2019/RPGLIKE Player: badjay Result: Destroyed by Y-45 Defender with Heavy Assault Rifle Performance ------------- Evolutions (2) 1000 Regions Visited (3) 600 Robots Destroyed (64) 320 Value Destroyed (1118) 1118 Prototype IDs (7) 140 Alien Tech Used (0) 0 Bonus (0) 0 TOTAL SCORE: 3178 Bonus ------- None Cogmind --------- Core Integrity 0/600 Matter 300/300 Energy 123/125 System Corruption 0% Temperature Cool (0) Movement Flying (34) Location -8/Materials Parts ------- > --- POWER (1) -------- Light Ion Engine > --- PROPULSION (4) --- Flight Unit Flight Unit Improved Flight Unit > --- UTILITY (3) ------ Structural Scanner Improved Targeting Computer Core Analyzer > --- WEAPON (3) ------- Hammer Heavy Flail Heavy Flail > --- INVENTORY (1) ---- (None) Peak State ------------ > --- POWER ------------ Light Ion Engine > --- PROPULSION ------- Flight Unit Flight Unit Improved Flight Unit > --- UTILITY ---------- Structural Scanner Improved Targeting Computer Core Analyzer > --- WEAPON ----------- Assault Rifle Heavy Flail Heavy Flail > --- INVENTORY -------- Hammer [Rating: 20] Favorites ----------- Power Light Ion Engine Engine Light Ion Engine Propulsion Flight Unit Flight Unit Flight Unit Utility Structural Scanner Device Structural Scanner Processor Improved Targeting Computer Weapon Assault Rifle Energy Gun Particle Gun Ballistic Gun Assault Rifle Launcher EMP Blaster Impact Weapon Heavy Flail Build | -11 -10 -10 -8 ------- Run | Yrd Mat Sub Mat Slots Evolved 7 | . 4 . 3 Power . | . . . . Propulsion 3 | . 1 . 2 Utility 2 | . 1 . 1 Weapon 2 | . 2 . . Parts Attached 18 | . 13 . 5 Power 1 | . 1 . . Engine 1 | . 1 . . Core . | . . . . Reactor . | . . . . Propulsion 3 | . 2 . 1 Treads . | . . . . Leg . | . . . . Wheel . | . . . . Hover . | . . . . Flight 3 | . 2 . 1 Utility 5 | . 4 . 1 Device 2 | . 2 . . Storage . | . . . . Processor 3 | . 2 . 1 Hackware . | . . . . Protection . | . . . . Artifact . | . . . . Weapon 9 | . 6 . 3 Energy Gun 1 | . 1 . . Energy Cannon . | . . . . Ballistic Gun 3 | . 3 . . Ballistic Cannon . | . . . . Launcher 2 | . 2 . . Special Weapon . | . . . . Impact Weapon 3 | . . . 3 Slashing Weapon . | . . . . Piercing Weapon . | . . . . Special Melee Weapon . | . . . . Unidentified Prototypes 1 | . . . 1 Parts Lost 1 | . 1 . . Power . | . . . . Propulsion . | . . . . Utility . | . . . . Weapon 1 | . 1 . . Highest Loss Streak 1 | . 1 . . To Critical Strikes . | . . . . Average Backups . | . . . . Power . | . . . . Propulsion . | . . . . Utility . | . . . . Weapon . | . . . . Tool/Special . | . . . . Unused Backups . | . . . . Power . | . . . . Propulsion . | . . . . Utility . | . . . . Weapon . | . . . . Tool/Special . | . . . . Average Slot Usage (%) 85 | . 80 100 90 Engine 7 | . 5 12 9 Flight 24 | . 23 25 26 Device 13 | . 15 12 9 Processor 8 | . 5 12 16 Ballistic Gun 24 | . 25 37 10 Launcher 2 | . 4 . . Impact Weapon 3 | . . . 16 Peak Build Rating 20 | . 9 9 20 Average Rating 9 | . 6 9 18 On Entrance 4 | . . 9 9 Avg Prop Armor Cover (%) . | . . . . Naked Turns 9 | . 9 . . Heaviest Build 12 | . 10 10 12 Greatest Support 18 | 3 13 13 18 Greatest Overweight (x) 1 | . 1 . . Average Overweight (x) . | . . . . Largest Inventory Capacity 1 | . . . 1 Average Capacity . | . . . . Most Carried 1 | . . . 1 Average Carried . | . . . . Final Capacity 1 | . . . 1 Final Carried . | . . . . Class Distribution -------------------- 61% | Hacker-Gunner 22% | Hacker-Mutant 13% | Hacker-Gladiator 3% | Mutant Dominant Class ---------------- Hacker-Gunner | -10/Materials Hacker-Gunner | -10/Subcaves Hacker-Gladiator | -8/Materials Resources | -11 -10 -10 -8 ----------- Run | Yrd Mat Sub Mat Matter Collected 1328 | 200 799 153 176 Remotely . | . . . . Salvage Created 2111 | . 1401 271 439 Parts 143 | . 110 14 19 Haulers Intercepted 2 | . 2 . . Recyclers Shooed 5 | . 5 . . Parts Field Recycled . | . . . . Retrieved Matter . | . . . . Parts Self-Destructed . | . . . . Prevented . | . . . . Parts Restored . | . . . . Kills | -11 -10 -10 -8 ------- Run | Yrd Mat Sub Mat Combat Hostiles Destroyed 27 | . 15 5 7 Guns 15 | . 6 5 4 AOE 9 | . 9 . . Classes Destroyed 12 | . 9 1 2 Worker 16 | . 16 . . Builder 7 | . 7 . . Tunneler 4 | . 3 . 1 Hauler 2 | . 2 . . Recycler 5 | . 5 . . Operator 1 | . 1 . . Watcher 2 | . 2 . . Swarmer 5 | . 5 . . Grunt 14 | . 10 . 4 Brawler 1 | . . . 1 Sentry 2 | . . . 2 Subdweller 5 | . . 5 . Best Kill Streak 28 | . 28 2 5 Combat Bots Only 4 | . 4 2 4 Max Kills in Single Turn 5 | . 5 1 2 Gunslinging . | . . . . Exploded 2 | . 2 . . Melee . | . . . . Uniques/NPCs Destroyed . | . . . . Combat | -11 -10 -10 -8 -------- Run | Yrd Mat Sub Mat Hostile Shots Fired 217 | . 172 26 19 Missed 98 | . 73 15 10 Hits 119 | . 99 11 9 Projectile 119 | . 99 11 9 Critical Strikes 2 | . 2 . . Damage Taken 1392 | . 1027 244 121 Core 1201 | . 898 205 98 Absorbed by Shields . | . . . . Redirected to Core 619 | . 404 136 79 Core Remaining (%) 57 | 100 . 14 . Volleys Fired 113 | . 82 17 14 Largest 3 | . 3 3 3 Hottest 60 | . 60 60 60 Shots Fired 311 | . 218 51 42 Gun 301 | . 208 51 42 Cannon . | . . . . Launcher 10 | . 10 . . Special . | . . . . Kinetic 301 | . 208 51 42 Thermal . | . . . . Explosive . | . . . . Electromagnetic 10 | . 10 . . Robot Hit Streak 11 | . 10 6 11 Robot Miss Streak 5 | . 5 2 2 Penetration Max . | . . . . Secondary Targets . | . . . . Shots Hit Robots 173 | . 104 32 37 Core Hits 89 | . 64 13 12 Critical Kills 1 | . . . 1 Critical Parts Destroyed 2 | . 1 . 1 Critical Strikes 4 | . 1 1 2 Destroy 4 | . 1 1 2 Melee Attacks 19 | . . . 19 Impact 19 | . . . 19 Slashing . | . . . . Piercing . | . . . . Sneak Attacks . | . . . . Combat Hostiles . | . . . . Follow-up Attacks 5 | . . . 5 Damage Inflicted 3051 | . 1835 412 804 Guns 2031 | . 1263 412 356 Cannons . | . . . . Explosions 572 | . 572 . . Melee 448 | . . . 448 Ramming . | . . . . Kinetic 2031 | . 1263 412 356 Thermal 87 | . 87 . . Explosive . | . . . . Electromagnetic 485 | . 485 . . Impact 448 | . . . 448 Slashing . | . . . . Piercing . | . . . . Highest Corruption . | . . . . Average Corruption . | . . . . Corruption Purged . | . . . . Corruption Blocked . | . . . . Overload Shots . | . . . . Overflow Damage 52 | . 12 . 40 Projectiles . | . . . . Explosions 12 | . 12 . . Melee 40 | . . . 40 Knockbacks 4 | . . . 4 Impact 3 | . . . 3 Kinetic . | . . . . Secondary 1 | . . . 1 Self-Inflicted Damage 35 | . 35 . . Shots 2 | . 2 . . Rammed . | . . . . Targets Rammed . | . . . . Kicked . | . . . . Crushed . | . . . . Highest Temperature 45 | . 30 . 45 Average Temperature 11 | . 10 . 15 Received Heat Transfer 477 | . 369 72 36 Siege Activations . | . . . . Martial Activations . | . . . . Shielding Activations . | . . . . Robots Disrupted . | . . . . Combat Hostiles . | . . . . Robots Corrupted 3 | . . . 3 Combat Hostiles 3 | . . . 3 Parts Fried 5 | . . . 5 Impact Corruptions 3 | . . . 3 Robots Melted . | . . . . Combat Hostiles . | . . . . Parts Melted . | . . . . Heat Transferred 200 | . 200 . . Parts Sabotaged . | . . . . Parts Stolen . | . . . . Parts Stripped . | . . . . Power Chain Reactions 3 | . 3 . . Alert | -11 -10 -10 -8 ------- Run | Yrd Mat Sub Mat Maximum Alert Level 1 | . 1 . . Low Security (%) 57 | 100 43 . 100 Level 1 42 | . 56 . . Level 2 . | . . . . Level 3 . | . . . . Level 4 . | . . . . Level 5 . | . . . . High Security . | . . . . Max Security . | . . . . Peak Influence 297 | . 297 . 147 Initial 7 | . . . 7 Average 155 | . 186 . 68 Influence Increases 1095 | . 828 . 267 Destroy 0b10 Robot/C 440 | . 300 . 140 Destroy 0b10 Robot/NC 185 | . 180 . 5 Destroy Leader 108 | . 68 . 40 Successful Hack 28 | . 24 . 4 Disable Machine 60 | . 60 . . Destroy Structure 19 | . 16 . 3 Partial Spotted 45 | . 15 . 30 Lose Combat Pursuer 210 | . 165 . 45 Influence Decreases 958 | . 565 247 146 Entered New Map 136 | . . 127 9 Time Decay 652 | . 405 120 127 Lost Part 10 | . 10 . . Lost Ally 10 | . . . 10 Purge Threat 150 | . 150 . . Squads Dispatched 6 | . 4 . 2 Investigation 5 | . 3 . 2 Extermination . | . . . . Reinforcement 1 | . 1 . . Assault . | . . . . Garrison . | . . . . Intercept . | . . . . Searches Triggered . | . . . . Construction Impeded . | . . . . Haulers Reinforced . | . . . . Active Scanning Responses . | . . . . Cargo Convoy Interrupts . | . . . . Stealth | -11 -10 -10 -8 --------- Run | Yrd Mat Sub Mat Distress Signals 4 | . 3 . 1 Communications Jammed . | . . . . Distress Signals . | . . . . Times Spotted 62 | . 40 7 15 Peak Tracking Total 8 | . 8 2 5 Tactical Retreats 9 | . 7 . 2 Traps | -11 -10 -10 -8 ------- Run | Yrd Mat Sub Mat Traps Triggered 3 | . 3 . . Indirectly 1 | . 1 . . Trap Hack Attempts . | . . . . Triggered . | . . . . Disarmed . | . . . . Reprogrammed . | . . . . Reused . | . . . . Traps Extracted . | . . . . Installed . | . . . . Triggered . | . . . . Machines | -11 -10 -10 -8 ---------- Run | Yrd Mat Sub Mat Machines Disabled 4 | . 4 . . Max in Single Turn 2 | . 2 . . Machines Repaired . | . . . . Machines Dismantled . | . . . . Machines Sabotaged . | . . . . Overloaded Fab Kills . | . . . . Hacking | -11 -10 -10 -8 --------- Run | Yrd Mat Sub Mat Machines Accessed 14 | . 7 . 7 Terminals 12 | . 7 . 5 Fabricators . | . . . . Repair Stations . | . . . . Recycling Units . | . . . . Scanalyzers 1 | . . . 1 Garrison Access 1 | . . . 1 Total Hacks 82 | . 42 . 40 Successful 54 | . 30 . 24 Failed 27 | . 11 . 16 Catastrophic 1 | . 1 . . Database Lockouts 1 | . 1 . . Manual 51 | . 27 . 24 Terminals 73 | . 42 . 31 Fabricators . | . . . . Repair Stations . | . . . . Recycling Units . | . . . . Scanalyzers 4 | . . . 4 Garrison Access 5 | . . . 5 Terminal Hacks 20 | . 15 . 5 Part Schematic 1 | . 1 . . Robot Analysis 2 | . 2 . . Prototype ID Bank 3 | . 2 . 1 Branch Access Points 2 | . 1 . 1 Terminal Index 1 | . . . 1 Alert Level 3 | . 3 . . Unreport Threat 1 | . 1 . . Hauler Manifests 3 | . 2 . 1 Registered Components 1 | . 1 . . Zone Layout 3 | . 2 . 1 Fabricator Hacks . | . . . . Repair Station Hacks . | . . . . Recycling Unit Hacks . | . . . . Scanalyzer 3 | . . . 3 Retrieve Study 3 | . . . 3 Garrison Access Hacks . | . . . . Unauthorized Hacks 31 | . 15 . 16 Terminals 31 | . 15 . 16 Track 6 | . 2 . 4 Assimilate 3 | . 2 . 1 Botnet 7 | . 4 . 3 Disrupt 3 | . 1 . 2 Operators 1 | . . . 1 Skim 11 | . 6 . 5 Fabricators . | . . . . Repair Stations . | . . . . Recycling Units . | . . . . Scanalyzers . | . . . . Garrison Access . | . . . . Data Cores Recovered . | . . . . Used . | . . . . Hacking Detections 10 | . 5 . 5 Full Trace Events 3 | . 1 . 2 Feedback Events . | . . . . Feedback Blocked . | . . . . Robot Schematics Acquired . | . . . . Robots Built . | . . . . Authchips . | . . . . Time . | . . . . Total Robot Build Rating . | . . . . Part Schematics Acquired 1 | . 1 . . Parts Built . | . . . . Authchips . | . . . . Time . | . . . . Total Part Build Rating . | . . . . Part Studies Acquired 3 | . . . 3 Parts Repaired . | . . . . Time . | . . . . Parts Recycled . | . . . . Recycled Matter . | . . . . Retrieved Matter . | . . . . Retrieved Components . | . . . . Parts Scanalyzed . | . . . . Part Schematics Acquired . | . . . . Parts Damaged . | . . . . Bothacking | -11 -10 -10 -8 ------------ Run | Yrd Mat Sub Mat Used RIF Installer . | . . . . Robots Hacked . | . . . . Non-combat . | . . . . Combat . | . . . . Robot Hacks Applied . | . . . . Relay Couplers Released . | . . . . Fabnet Peak Effective % . | . . . . Robots Rewired . | . . . . Allies Hacked . | . . . . Hacks Repelled . | . . . . Allies | -11 -10 -10 -8 -------- Run | Yrd Mat Sub Mat Total Allies 2 | . 1 . 1 Largest Group 1 | . 1 . 1 Highest-Rated Group 10 | . 10 . 10 Highest-Rated Ally 10 | . 10 . 10 Total Orders 2 | . . . 2 STAY 1 | . . . 1 FOLLOW 1 | . . . 1 Ally Attacks . | . . . . Total Damage . | . . . . Kills . | . . . . Allies Corrupted . | . . . . Allies Melted . | . . . . Intel | -11 -10 -10 -8 ------- Run | Yrd Mat Sub Mat Active Infowar (turns) 1613 | . 1021 253 339 Structural 1612 | . 1020 253 339 ECM 1 | . 1 . . Robot Analysis Total 2 | . 2 . . Derelict Logs Recovered 2 | . . 2 . Drone Launches . | . . . . Drone Recoveries . | . . . . Exploration | -11 -10 -10 -8 ------------- Run | Yrd Mat Sub Mat Turns Passed 1644 | 14 1038 253 339 Spaces Moved 2561 | 28 1468 479 586 Core 45 | 28 17 . . Treads . | . . . . Legs . | . . . . Wheels . | . . . . Hover . | . . . . Flight 2516 | . 1451 479 586 Fastest Speed 34 | 50 37 37 34 Average Speed 40 | 50 44 37 34 Slowest Speed 120 | 50 120 37 37 Overloaded Moves . | . . . . Propulsion Burnouts . | . . . . Robots Hopped 13 | . 11 2 . Potential Cave-ins . | . . . . Cave-ins Triggered . | . . . . Exploration Rate (%) 42 | 3 96 29 41 Regions Visited 3 Branch Regions 1 Pre-discovered Areas . | . . . . Known Exits Taken 2 | . 1 1 . Unknown Exits Taken 1 | 1 . . . Scrap Searched . | . . . . Spaces Dug 3 | . . . 3 Terrain Destroyed 18 | . 15 . 3 Melee 3 | . . . 3 Projectile . | . . . . AOE 15 | . 15 . . Terrain Rammed . | . . . . Walls Destroyed . | . . . . Machines Disabled . | . . . . Actions | -11 -10 -10 -8 --------- Run | Yrd Mat Sub Mat Total 2873 | 27 1661 513 672 Wait 149 | . 84 14 51 Move 2532 | 27 1445 474 586 Hop 13 | . 11 2 . Pick Up 1 | . . . 1 Fast Attach 14 | . 11 . 3 Attach 1 | . . . 1 Detach . | . . . . Swap 4 | . 3 . 1 Drop 5 | . 3 . 2 Fire 113 | . 82 17 14 Melee 13 | . . . 13 Ram . | . . . . Kick . | . . . . Crush . | . . . . Escape Stasis . | . . . . Rewire . | . . . . Trap . | . . . . Miscellaneous 28 | . 22 6 . Route ------- -11/Scrapyard -10/Materials (discovered 5 exits: *Mat x3 / *Min / *Sub) -10/Subcaves (discovered 2 exits: *Mat x2) -8/Materials (discovered 3 exits: *Fac x3) History --------- Turn | Location | Event 5 | -11/Scrapyard | Discovered new exit (range 16) 15 | -11/Scrapyard | Entered Materials 91 | -10/Materials | Discovered new exit (range 6) 98 | -10/Materials | Discovered new exit (range 4) 115 | -10/Materials | Upgraded with Weapon slot (x1) 134 | -10/Materials | Core integrity fell below 50% 262 | -10/Materials | Discovered new exit (range 6) 337 | -10/Materials | Core integrity fell below 20% 362 | -10/Materials | Discovered new exit (range 16) 366 | -10/Materials | Identified exit to Mines 366 | -10/Materials | Central database locked down 377 | -10/Materials | Build established: Hacker-Mutant 387 | -10/Materials | Reached level 2 420 | -10/Materials | Upgraded with Weapon slot (x1) 438 | -10/Materials | Upgraded with Propulsion slot (x1) 536 | -10/Materials | Learned location of 1 exit from Recycling 572 | -10/Materials | Upgraded with Utility slot (x1) 583 | -10/Materials | Learned 2 Mines zone layouts 622 | -10/Materials | Learned location of 1 exit from Recycling 650 | -10/Materials | Identified exit to Materials 650 | -10/Materials | Identified exit to Subcaves 667 | -10/Materials | Loaded intel: 4 trap records 673 | -10/Materials | Learned location of 1 exit from Storage 690 | -10/Materials | Learned 8 Materials zone layouts 716 | -10/Materials | Build established: Hacker-Gunner 1053 | -10/Materials | Entered Subcaves 1054 | -10/Subcaves | Identified exit to Materials 1055 | -10/Subcaves | Reached level 3 1059 | -10/Subcaves | Learned location of 1 exit from Materials 1060 | -10/Subcaves | Shifting Twisted Machinery released Shrapnel Trap 1061 | -10/Subcaves | Shifting Twisted Machinery released Spk. Treads 1077 | -10/Subcaves | Learned Materials emergency access door positions 1156 | -10/Subcaves | A Subdweller sparked back to life 1156 | -10/Subcaves | A Subdweller sparked back to life 1306 | -10/Subcaves | Ambushed by Subdwellers from Twisted Machinery 1306 | -10/Subcaves | Entered Materials 1307 | -8/Materials | Identified exit to Factory 1307 | -8/Materials | Core integrity fell below 50% 1307 | -8/Materials | Core integrity fell below 20% 1308 | -8/Materials | Reached level 4 1319 | -8/Materials | Upgraded with Propulsion slot (x2) 1340 | -8/Materials | Upgraded with Utility slot (x1) 1645 | -8/Materials | Destroyed by Y-45 Defender with Heavy Assault Rifle Last Messages --------------- 01614_ G-47 Trooper knocked back. 01619_ Hammer+ follow-up attack on G-47 Trooper. 01619_ Destroyed Lgt. Nuclear Core. 01619_ G-47 Trooper system corrupted by crushing effect. 01619_ G-47 Trooper knocked back. 01620_ G-47 Trooper system terminally corrupted. 01620_ Imp. Heat Sink fried. 01620_ Aluminum Leg fried. 01630_ Connecting with Garrison Access... 01630_ ALERT: Suspicious activity at Garrison Access M001. Dispatching Investigation squad. 01639_ Atomic Centrifuge disabled. 01639_ Hammer+ follow-up attack on Y-45 Defender. 01642_ Hvy. Flail+ follow-up attack on Y-45 Defender. 01642_ Technician 3a destroyed. 01644_ Hammer+ follow-up attack on Y-45 Defender. Map ----- +----------------------------------------------------+ | ???## " + ######## ##????? | | ???## ## # ### ##????? | | ???######### ###+##### # T ### ##????? | | ???###########+##### ## ! "" # #?# ##????? | | ????????## # ## """# #?# ##????? | | ????????## # ""## S"# #?# ##????? | | ????????## ![# T"## """# #?# ##????? | | ????????## ![#! ""## """# #?# ##????? | | ????????## "" # ## # #?# ##????? | | ????????## S"" ##########+### ### ##????? | | ????????## "" # # ###+### #????? | | ????????## # # ????? | | ????????############""" + #????? | | ????????############""" # #????? | | ??????????????????##""" # ####### #????? | | ??????????????????## ## ##?#######/###????? | | ??########?#########! ## ##?# ????? | | ??################## ## ##?# """ ""????? | | ??## ##### ########### ##?# """""""????? | | ??## ########### ##?# """"" ????? | | ??## % " + ## #### ????? | | ??## ##### # """ ##% #### ????? | | ??### #######+### "G" # / #######??????##+## | | ##### #%% ### " " s#s ???? # | | ##### / =[### Ys ???? # | | ! # # "T" [[+ + "" @# ???? # | | # ########### """ # ? #######??????# # | | "" # ########### """ ##?? ########??????# # | | """ # # ## ##?? ###???????????# # | | """ + + """"" ############?????????????????# # | | """ # # """"" ############?????????????????# # | | "" # # """"" #????????????????????????????# # | | #### """"" #????????????????????????????# # | | #### """"" #????????????????????????????# + | | ### #?## """"" #????????????????????????????# # | | #####?## """"" #????????????????????????????# < # | | ??????## #????????????????????????????# # | | ??????###########????????????????????????????##### | | ??????##########?????????????????????????????????? | | ?????????????????????????????????????????????????? | | ?????????????????????????????????????????????????? | | ?????????????????????????????????????????????????? | | ?????????????????????????????????????????????????? | | ?????????????????????????????????????????????????? | | ?????????????????????????????????????????????????? | | ?????????????????????????????????????????????????? | | ?????????????????????????????????????????????????? | | | | | | | +----------------------------------------------------+ Best States ------------- Heat Dissipation 25 Energy Generation 10 Energy Capacity 125 Matter Stores 300 Matter Capacity 300 Sight Range 16 Terrain Scan Density 10 Evasion (%) 63 Targeting Accuracy 6 Core Analysis 6 Offensive Hacking 10 Defensive Hacking 15 Item Schematics ----------------- Hammer | -10/Materials | Hacked Robot Schematics ------------------ None Fabricated ------------ Nothing Repaired ---------- Nothing Studied --------- Assault Rifle | -8/Materials | Hacked Hvy. Flail | -8/Materials | Hacked Hammer | -8/Materials | Hacked Alien Tech Used ----------------- None Achievements -------------- None Challenges ------------ None RPGLIKE | -11 -10 -10 -8 --------- Run | Yrd Mat Sub Mat Levels Raised 3 | . 1 1 1 XP Earned 8530 | 3000 2130 1000 2400 XP Spent 7450 | . 4500 . 2950 Upgrades 14 | . 10 . 4 Propulsion Slot 3 | . 1 . 2 Utility Slot 2 | . 1 . 1 Weapon Slot 2 | . 2 . . Mass Support 1 | . 1 . . Inventory Capacity 1 | . . . 1 Hack Attack % 2 | . 2 . . Hack Defense % 3 | . 3 . . Protomatter Created 325 | . 229 42 54 Integrity Restored 591 | . 465 126 . Core 591 | . 465 126 . Protomatter Decayed 140 | . 86 . 54 Game ------ Seed InsulatedTachyonFrame Manual? 0 Play Time 00:22:40 Cumulative 207.1 hours Start 2026.02.24 @ 14:04:50 End 2026.02.24 @ 15:08:13 Sessions 1 Manual Loads 0 Difficulty Rogue Special Mode Winter2019/RPGLIKE Game No. 209 Rogue 209 Adventurer 0 Explorer 0 Win Type - Total 14 Types 11/0/1/1/0/0/1/0/0/0 Lore% 67 Gallery% 57 Achievement% 51 Wizard Run 0 Options --------- Layout 2 ASCII 0 Keyboard 0 Movement Numpad Keybinds 0 Fullscreen 1 Font 24/Smallcaps Map View 50x44 Zoom Use 0% Tactical HUD 1 Map Filters NONE Filters NONE Steam 1 RUN: cf6f0642-86d8-4ec3-bc27-a27626ba0b1c